 Dungeon Crawl Stone Soup version 0.29.1-13-g9f3cf754e1 (webtiles) character file.

Game seed: 10574233328799285145

1190 growler the Stinger (level 8, 0/60 HPs)
             Began as a Demonspawn Wanderer on Jan 31, 2023.
             Slain by an iguana (6 damage)
             ... on level 5 of the Dungeon.
             The game lasted 00:13:03 (6440 turns).

growler the Stinger (Demonspawn Wanderer)           Turns: 6440, Time: 00:13:03

Health: 0/60       AC:  9    Str: 21    XL:     8   Next: 19%
Magic:  14/14      EV: 11    Int: 14    God:
Gold:   383        SH:  4    Dex: 12    Spells: 11/15 levels left

rFire   . . .      SeeInvis .     - Unarmed
rCold   . . .      Faith    .   (no shield)
rNeg    . . .      Spirit   .   e - +0 robe
rPois   .          Reflect  .   m - +0 helmet
rElec   .          Harm     .   (no cloak)
rCorr   .          Rampage  .   (no gloves)
Will    .....                   (no boots)
Stlth   +.........              (no amulet)
HPRegen 0.20/turn               q - +4 ring of protection
MPRegen 0.14/turn               r - +6 ring of strength

@: lethally poisoned (0 -> -7), very slightly contaminated
A: claws 2, thin metallic scales 1, condensation shield
a: no special abilities


You were on level 5 of the Dungeon.
You visited 1 branch of the dungeon, and saw 5 of its levels.

You collected 383 gold pieces.

Inventory:

Hand Weapons
 a - a +0 dagger
 w - the +8 trident of the Octopus King {venom, rElec rPois}
   (You found it on level 5 of the Dungeon)

   It poisons the flesh of those it strikes.
   rElec:     It insulates you from electricity.
   rPois:     It protects you from poison.
Missiles
 b - 29 poisoned darts (quivered)
Armour
 e - a +0 robe (worn)
 m - a +0 helmet (worn)
 s - a +0 plate armour
Jewellery
 q - a +4 ring of protection (left claw)
 r - a +6 ring of strength (right claw)
Scrolls
 g - 6 scrolls of identify {unknown}
 i - 7 scrolls of teleportation {unknown}
 j - a scroll of butterflies {unknown}
 k - 2 scrolls of enchant weapon {unknown}
 l - a scroll of poison {unknown}
 o - a scroll of vulnerability {unknown}
 t - 2 scrolls of magic mapping {unknown}
 u - a scroll of blinking {unknown}
 v - a scroll of noise {unknown}
Potions
 d - 2 potions of heal wounds
 h - a potion of resistance {unknown}
 n - 2 potions of degeneration {unknown}
 p - a potion of brilliance {unknown}


   Skills:
 - Level 4.0 Fighting
 - Level 1.0 Throwing
 + Level 5.0 Unarmed Combat
 - Level 4.0 Spellcasting
 - Level 5.0 Transmutations
 - Level 5.0 Poison Magic


You had 11 spell levels left.
You knew the following spells:

 Your Spells              Type           Power      Damage    Failure   Level
a - Sting                 Tmut/Pois      64%        1d6       2%          1
b - Ignite Poison         Fire/Tmut/Pois 12%        N/A       16%         3

Your spell library contained the following spells:

 Spells                   Type           Power      Damage    Failure   Level
 Beastly Appendage        Tmut           32%        N/A       2%          1
 Wereblood                Tmut           16%        N/A       3%          2
 Spider Form              Tmut/Pois      16%        N/A       8%          3
 Dazzling Flash           Conj/Hex       4%         N/A       50%         3
 Gell's Gravitas          Tloc           2%         N/A       50%         3
 Teleport Other           Tloc           2%         N/A       50%         3
 Corpse Rot               Necr/Pois/Air  7%         N/A       69%         4
 Animate Dead             Necr           2%         N/A       88%         4
 Iskenderun's Mystic Bla  Conj/Tloc      2%         2d3       88%         4
 Borgnjor's Vile Clutch   Necr/Erth      1%         N/A       99%         5
 Death Channel            Necr           1%         N/A       100%        6
 Dispersal                Tloc           1%         N/A       100%        6
 Starburst                Conj/Fire      1%         6d3       100%        6


Dungeon Overview and Level Annotations

Branches:
Dungeon (5/15)
 Temple: D:4-7

Altars:
Yredelemnul


Innate Abilities, Weirdness & Mutations

You have very sharp fingernails.
You are partially covered in thin metallic scales. (AC +2)
A meltable shield of frost defends you. (SH +4)


Message History

The sting hits the iguana.
The iguana is poisoned.
The iguana is lightly wounded.
You feel very sick.
The gnoll hits you from afar with a +2 spear of venom.
* * * LOW HITPOINT WARNING * * *
The iguana bites you.
* * * LOW HITPOINT WARNING * * *
You are confused.
You feel invigorated.
You feel sick.
The gnoll hits you from afar with a +2 spear of venom.
* * * LOW HITPOINT WARNING * * *
You are more poisoned.
The iguana misses you.
Unknown command.
You claw the iguana!
The iguana is severely wounded.
* * * LOW HITPOINT WARNING * * *
You feel very sick. The gnoll hits you but does no damage.
You are more poisoned.
The iguana bites you.
* * * LOW HITPOINT WARNING * * *
You scratch the iguana.
The iguana is severely wounded.
* * * LOW HITPOINT WARNING * * *
You feel very sick.
The gnoll hits you from afar with a +2 spear of venom.
* * * LOW HITPOINT WARNING * * *
The iguana bites you but does no damage.
You feel better.
You feel less invigorated. The gnoll hits you but does no damage.
You are poisoned.
The iguana bites you.
* * * LOW HITPOINT WARNING * * *
Unknown command.
You barely miss the iguana.
The iguana is severely wounded.
* * * LOW HITPOINT WARNING * * *
You feel sick. You block the gnoll's attack. The iguana bites you.
You die...

.......# #.....# .........#.#.
.......# #.....+...........#.#.
.......# #.....##..........#...
.......# #.####............#...
.......# #.####.#..........#.##
##'##### #......+..........'.##
.....).# ###....#..........####
.|.....# #l####.#)#....>....#
.......# #.#@l..#.#.#.#####'#
.......#######g#....#.#.#.#......
..###.......##.#..g?#.#.#.'......
†....#..###.##.####.#.#.###......
.............#..g...#.#.###......
!.................).......'...>..
.....#.####.#.#####.#.#####......
.....# # #.#..# #.#.# #......
.....# #.##.# #.#.#####......


You could see an iguana (poisoned) and a gnoll (poisoned).

Vanquished Creatures
  Sigmund (D:3)
  An ice beast (D:4)
  2 black bears
  An ogre (D:4)
  A centaur (D:5)
  A kobold brigand (D:4)
  A scorpion (D:3)
  A howler monkey (D:5)
  2 hounds
  An orc priest (D:5)
  3 iguanas
  3 orc wizards (D:5)
  8 adders
  A gnoll (D:5)
  2 worms
  A dart slug (D:3)
  19 orcs
  2 bats (D:2)
  5 endoplasms
  3 giant cockroaches
  4 hobgoblins
  A quokka (D:3)
  2 ball pythons
  8 frilled lizards
  5 goblins
  28 kobolds
  5 rats
112 creatures vanquished.

Vanquished Creatures (others)
  51 plants (D:4)
51 creatures vanquished.

Grand Total: 163 creatures vanquished

Notes
Turn   | Place    | Note
-------+----------+-------------------------------------------
     0 | D:1      | growler the Demonspawn Wanderer began the quest for the
                  | Orb.
     0 | D:1      | growler set off with the following items: a +0 dagger, 8
                  | poisoned darts, a potion of curing, a potion of heal
                  | wounds, a +0 robe; and the following spell memorised:
                  | Sting; and the following spells available to memorise:
                  | Ignite Poison, Corpse Rot.
     0 | D:1      | Reached XP level 1. HP: 19/19 MP: 3/3
   222 | D:1      | Found a faded altar of an unknown god.
   379 | D:1      | Gained mutation: You have sharp fingernails. [demonic
                  | ancestry]
   379 | D:1      | Reached XP level 2. HP: 25/25 MP: 1/5
  1259 | D:2      | Found a basalt altar of Yredelemnul.
  1365 | D:2      | Reached skill level 1 in Transmutations
  1947 | D:2      | Gained mutation: You are partially covered in thin metallic
                  | scales. (AC +2) [demonic ancestry]
  1947 | D:2      | Reached XP level 3. HP: 25/30 MP: 0/6
  2513 | D:3      | Noticed Sigmund
  2861 | D:3      | Killed Sigmund
  2862 | D:3      | Reached XP level 4. HP: 10/37 MP: 1/8
  2862 | D:3      | Reached XP level 5. HP: 11/42 MP: 1/9
  3195 | D:3      | Noticed a black bear
  3208 | D:3      | Killed a black bear
  3209 | D:3      | Gained mutation: You have very sharp fingernails. [demonic
                  | ancestry]
  3209 | D:3      | Reached XP level 6. HP: 24/48 MP: 1/11
  4269 | D:4      | Gained mutation: A meltable shield of frost defends you.
                  | (SH +4) [demonic ancestry]
  4269 | D:4      | Reached XP level 7. HP: 53/54 MP: 12/12
  4566 | D:4      | Reached skill level 5 in Poison Magic
  5334 | D:4      | Learned a level 3 spell: Ignite Poison
  5371 | D:5      | Entered Level 5 of the Dungeon
  5423 | D:5      | Found the +8 trident of the Octopus King {venom, rElec
                  | rPois}
  5733 | D:5      | Reached XP level 8. HP: 39/60 MP: 12/14
  6310 | D:4      | Reached skill level 5 in Unarmed Combat
  6310 | D:4      | Reached skill level 5 in Transmutations
  6438 | D:5      | HP: 2/60 [gnoll/+2 spear of venom (3)]
  6440 | D:5      | Slain by an iguana

Illustrated notes

Levels and vault maps discovered:
D:1:      amcnicky_arrival_blooded_trapdoor, layout_basic,
          shapermc_ecumenical_altar_acropolis,
          nicolae_concentric_dashed_squares_wild
D:2:      layout_loops_corners, basic_altar, minmay_tiny_reverse_x
D:3:      layout_basic, uniq_sigmund
D:4:      kennysheep_kobold_camp, layout_loops_corners, nrook_loot_triangle
D:5:      layout_basic, serial_park_tiny_1, grunt_ministairs_3,
          eino_tiny_chamber, st_stairs_14

Skill      XL: |  1  2  3  4  5  6  7  8 |
---------------+-------------------------+-----
Transmutations | 1 2 3 4 5 |  5.0
Unarmed Combat | 2 4 5 |  5.0
Spellcasting   | 3 4 |  4.0
Poison Magic   | 4 5 |  5.0
Fighting       | |  4.0
Throwing       | |  1.0

Action                   |  1- 3 |  4- 6 |  7- 9 || total
-------------------------+-------+-------+-------++-------
Melee: Dagger            |    39 |     4 |       ||    43
       Unarmed           |       |    39 |   193 ||   232
       Punch             |       |       |     2 ||     2
 Cast: Sting             |    64 |    32 |    43 ||   139
  Use: Potion            |     1 |       |     3 ||     4
 Stab: Sleeping          |       |     1 |     1 ||     2
Armor: Robe              |    11 |    34 |   108 ||   153
Dodge: Dodged            |    36 |    54 |   110 ||   200
Block: Other             |       |       |    43 ||    43
